 Dungeon Crawl Stone Soup version 0.28.0-1-gb440e238dd (webtiles) character file.

Game seed: 10899772602929044222

3315 fknight the Cleaver (level 10, -3/88 HPs)
             Began as a Hill Orc Monk on Feb 24, 2022.
             Was a Believer of Beogh.
             Succumbed to an orc warrior's poison
             ... on level 8 of the Dungeon.
             The game lasted 00:48:19 (9009 turns).

fknight the Cleaver (Hill Orc Monk)                 Turns: 9009, Time: 00:48:19

Health: -3/88      AC: 14    Str: 19    XL:     10   Next: 1%
Magic:  15/15      EV: 12    Int: 10    God:    Beogh [**....]
Gold:   360        SH:  5    Dex: 15    Spells: 5/9 levels left

rFire   . . .      SeeInvis .   b - +6 shillelagh "Devastator" {shatter}
rCold   . . .      Faith    .   (no shield)
rNeg    . . .      Spirit   .   s - +6 scale mail of Lomeuxku {rElec Str+2}
rPois   .          Reflect  +   r - +0 helmet
rElec   +          Harm     .   m - scarf {repulsion}
rCorr   .          Rampage  .   U - +0 pair of gloves
Will    .....                   (no boots)
Stlth   ++........              g - amulet of reflection
HPRegen 0.24/turn               (no ring)
MPRegen 0.14/turn               (no ring)

@: lethally poisoned (-3 -> -26), repel missiles
A: no striking features
a: Renounce Religion, Smiting


You were on level 8 of the Dungeon.
You worshipped Beogh.
Beogh was pleased with you.
You visited 1 branch of the dungeon, and saw 8 of its levels.
You also visited: Sewer.

You collected 360 gold pieces.

Inventory:

Hand Weapons
 a - a +5 hunting sling
 b - the +6 shillelagh "Devastator" (weapon) {shatter}
   (You found it on level 2 of the Dungeon)

   It releases a powerful concussive burst when it strikes, dealing extra damage
   to the target and all other foes adjacent to them.
 d - a +2 war axe of electrocution
 j - a +3 flail
 A - a +3 falchion
 B - a +3 hand axe
 C - a +4 halberd
 D - a +3 long sword
 E - a +2 vorpal scythe
 K - a +5 mace of freezing
 N - a +4 flail of protection
 O - a +0 vorpal spear
 P - the +7 dagger of Impatience {spect, rPois Str+2 Dex-4}
   (You found it on level 6 of the Dungeon)

   When its wielder attacks, the weapon's spirit leaps out and strikes again.
   The spirit shares a part of any damage it takes with its wielder.
   Str:       It affects your strength (+2).
   Dex:       It affects your dexterity (-4).
   rPois:     It protects you from poison.
 S - a +3 war axe
 Y - a +3 dagger of distortion
Missiles
 c - 246 stones (quivered)
 u - 6 poisoned darts
 y - 4 boomerangs
 F - 66 sling bullets
 H - 5 curare-tipped darts
 Q - 4 javelins
Armour
 i - +0 steam dragon scales
 m - a scarf of repulsion (worn)
 n - the +4 robe of Augmentation {Str+4 Int+4 Dex+4}
   (You found it on level 2 of the Dungeon)

   Str:       It affects your strength (+4).
   Int:       It affects your intelligence (+4).
   Dex:       It affects your dexterity (+4).
 r - a +0 helmet (worn)
 s - the +6 scale mail of Lomeuxku (worn) {rElec Str+2}
   (You found it on level 8 of the Dungeon)

   Str:       It affects your strength (+2).
   rElec:     It insulates you from electricity.
 U - a +0 pair of gloves (worn)
 X - a +1 cloak
 Z - a +2 robe of willpower
Magical Staves
 k - a staff of death
Jewellery
 e - an amulet of the acrobat
 g - an amulet of reflection (around neck)
 t - an amulet of regeneration
Wands
 p - a wand of digging (2)
 L - a wand of acid (2)
 M - a wand of polymorph (9)
 T - a wand of flame (27)
Scrolls
 f - 3 scrolls of teleportation
 h - a scroll of holy word
 v - 3 scrolls of blinking
 z - 2 scrolls of magic mapping
Potions
 l - 3 potions of brilliance
 q - a potion of might {unknown}
 w - 4 potions of flight
 x - 2 potions of mutation
 I - a potion of ambrosia {unknown}
 J - 2 potions of cancellation {unknown}
 W - a potion of berserk rage


   Skills:
 + Level 7.9 Fighting
 + Level 8.4(9.5) Axes
 + Level 5.7(7.3) Maces & Flails
 + Level 5.2 Dodging
 + Level 5.4 Stealth
 + Level 7.0 Invocations


You had 5 spell levels left.
You knew the following spells:

 Your Spells              Type           Power      Damage    Failure   Level
a - Animate Skeleton      Necr           0%         N/A       77%         1
b - Dazzling Flash        Conj/Hex       0%         N/A       98%         3

Your spell library contained the following spells:

 Spells                   Type           Power      Damage    Failure   Level
 Sandblast                Erth           0%         2d4       77%         1
 Passwall                 Tmut/Erth      0%         N/A       88%         2
 Sublimation of Blood     Necr           0%         N/A       88%         2
 Wereblood                Tmut           0%         N/A       88%         2
 Frozen Ramparts          Ice            0%         1d2       98%         3
 Stone Arrow              Conj/Erth      0%         3d7       98%         3
 Ice Form                 Ice/Tmut       0%         N/A       100%        4
 Summon Ice Beast         Ice/Summ       0%         N/A       100%        4
 Agony                    Necr           0%         N/A       100%        5
 Silence                  Hex/Air        0%         N/A       100%        5
 Summon Hydra             Summ           0%         N/A       100%        7


Dungeon Overview and Level Annotations

Branches:
Dungeon (8/15)             Temple (0/1) D:5           Sewer (visited)
   Lair: D:8-11

Altars:
Elyvilon
Hepliaklqana
Xom
Zin
The Shining One

Shops:
D:1 (   D:8 (


Message History

* * * LOW HITPOINT WARNING * * *
You are more poisoned.
The orc priest hits you but does no damage.
The orc misses you.
The orc priest calls down the wrath of Beogh upon you.
Beogh smites you!
* * * LOW HITPOINT WARNING * * *
You feel better. You block the orc warrior's attack.
The orc hits you but does no damage.
You sock the orc priest!
The orc priests shudder.
You kill the orc priest!
Beogh accepts your kill.
Beogh appreciates your killing of a heretic priest.
The orc priest is severely wounded.
The orc warrior barely misses you. You block the orc's attack.
The orc priest hits you with a +0 dagger.
* * * LOW HITPOINT WARNING * * *
You sock the orc priest!
The orc warrior, the orc and the orc priest shudder.
The orc warrior is heavily wounded.
You kill the orc!
Beogh accepts your kill.
The orc priest is almost dead.
You kill the orc priest!
Beogh accepts your kill.
Beogh appreciates your killing of a heretic priest.
The orc warrior hits you from afar with a +3 trident of venom!
* * * LOW HITPOINT WARNING * * *
You are poisoned.
You barely miss the orc priest.
The orc priest is almost dead.
* * * LOW HITPOINT WARNING * * *
You feel very sick.
The orc warrior hits you from afar with a +3 trident of venom!
* * * LOW HITPOINT WARNING * * *
You are more poisoned.
Blink to where?
Press: ? - help, Q - select action, (/) - cycle Dir - move target
As you read the scroll of blinking, it crumbles to dust.
You die... #..... ###### ## #. ####### #. ###...o§# #. #@..###)# #. #.### oo).

#. #.# .....# #.
#.##8.#.#.8######.
####..##.###.##......
#......## #########
#.##.### # #.##.# #
#.#..# #


You could see an orc priest.

Vanquished Creatures
  Maurice (D:8)
  Maggie (D:8)
  Psyche (D:8)
  Sigmund (D:5)
  Edmund (D:6)
  2 sky beasts
  2 orc warriors (D:8)
  An ice beast (D:7)
  Duvessa (D:5)
  An ogre (D:5)
  A centaur (D:8)
  A phantom (D:4)
  A wyvern zombie (D:5)
  A water moccasin zombie (D:7)
  A bullfrog (D:7)
  Dowan (D:5)
  A water moccasin skeleton (D:6)
  7 wights
  A howler monkey (D:6)
  A bullfrog zombie (D:7)
  A hound (D:6)
  2 jellies
  5 orc priests
  A centaur skeleton (D:6)
  Natasha (twice) (D:3)
  2 iguanas
  2 orc wizards
  Robin (D:3)
  7 adders
  5 river rats
  A shadow imp (D:3)
  An ufetubus (D:3)
  An adder zombie (D:5)
  4 worms
  2 dart slugs
  18 orcs
  14 bats
  9 endoplasms
  10 giant cockroaches
  10 goblins
  10 hobgoblins
  8 jackals
  4 kobolds
  A quokka (Sewer)
  14 ball pythons
  A frilled lizard (D:2)
  5 rats
169 creatures vanquished.

Vanquished Creatures (others)
  A water moccasin (D:7)
  An orc wizard (D:7)
  An orc (D:7)
  A fungus (D:1)
4 creatures vanquished.

Grand Total: 173 creatures vanquished

Notes
Turn   | Place    | Note
-------+----------+-------------------------------------------
     0 | D:1      | fknight the Hill Orc Monk began the quest for the Orb.
     0 | D:1      | Reached XP level 1. HP: 19/19 MP: 1/1
   336 | D:1      | Found Qobyetta's Antique Weapon Boutique.
   583 | D:1      | Reached XP level 2. HP: 15/27 MP: 2/2
   839 | D:1      | Reached skill level 1 in Invocations
   985 | D:1      | Found a faded altar of an unknown god.
  1241 | D:1      | Got Plato's Grimoire of Stolen Souls
  1528 | D:1      | Reached XP level 3. HP: 31/33 MP: 3/3
  2286 | D:2      | Found the +4 robe of Augmentation {Str+4 Int+4 Dex+4}
  2323 | D:2      | Found the +6 shillelagh "Devastator" {shatter}
  2799 | D:3      | Reached XP level 4. HP: 40/40 MP: 5/5
  2835 | D:3      | Noticed Natasha
  2839 | D:3      | Killed Natasha
  2940 | D:3      | Noticed Robin
  2961 | D:3      | Killed Robin
  2962 | D:3      | Reached skill level 1 in Maces & Flails
  2962 | D:3      | Reached XP level 5. HP: 46/47 MP: 6/6
  3239 | D:3      | Noticed Natasha
  3245 | D:3      | Killed Natasha
  3819 | D:4      | Found a glowing drain.
  3825 | Sewer    | Entered a sewer
  4081 | Sewer    | Reached skill level 5 in Axes
  4083 | Sewer    | Reached XP level 6. HP: 54/55 MP: 7/7
  4149 | Sewer    | Reached skill level 5 in Fighting
  4989 | D:4      | Reached XP level 7. HP: 57/61 MP: 9/9
  5240 | D:5      | Entered Level 5 of the Dungeon
  5429 | D:5      | Noticed Duvessa
  5435 | D:5      | Noticed Dowan
  5439 | D:5      | Killed Duvessa
  5449 | D:5      | Killed Dowan
  5450 | D:5      | Reached skill level 6 in Axes
  5519 | D:5      | Noticed Sigmund
  5530 | D:5      | Killed Sigmund
  5531 | D:5      | Reached XP level 8. HP: 43/70 MP: 11/11
  5784 | D:5      | Found a staircase to the Ecumenical Temple.
  5924 | D:5      | Found a white marble altar of Elyvilon.
  5924 | D:5      | Found a glowing golden altar of the Shining One.
  5924 | D:5      | Found a glowing silver altar of Zin.
  6338 | D:6      | Noticed Edmund
  6344 | D:6      | Killed Edmund
  6345 | D:6      | Reached skill level 5 in Invocations
  6401 | D:6      | Found a hazy altar of Hepliaklqana.
  6403 | D:6      | Found a shimmering altar of Xom.
  6404 | D:6      | Noticed a spectral ugly thing
  6551 | D:6      | Identified the +7 dagger of Impatience {spect, rPois Str+2
                  | Dex-4}
  6960 | D:7      | Learned a level 1 spell: Animate Skeleton
  6964 | D:7      | Learned a level 3 spell: Dazzling Flash
  6987 | D:7      | Became a worshipper of Beogh the Brigand
  6987 | D:7      | Reached * piety under Beogh
  6987 | D:7      | Reached ** piety under Beogh
  6991 | D:7      | You fall into a shaft and drop 1 floor!
  7116 | D:7      | Reached skill level 7 in Axes
  7453 | D:7      | Reached XP level 9. HP: 78/78 MP: 13/13
  8298 | D:8      | Noticed Maurice
  8307 | D:8      | Killed Maurice
  8308 | D:8      | Reached skill level 5 in Maces & Flails
  8413 | D:8      | Noticed Psyche
  8422 | D:8      | Killed Psyche
  8423 | D:8      | Reached skill level 5 in Stealth
  8577 | D:8      | Reached skill level 5 in Dodging
  8581 | D:8      | Reached skill level 8 in Axes
  8686 | D:8      | Noticed Maggie
  8698 | D:8      | Killed Maggie
  8768 | D:8      | Identified the +6 scale mail of Lomeuxku {rElec Str+2}
  8801 | D:8      | Found Gameawko's Antique Weapon Boutique.
  9003 | D:8      | Reached XP level 10. HP: 29/88 MP: 15/15
  9008 | D:8      | HP: 2/88 [orc warrior (8)]
  9009 | D:8      | Succumbed to an orc warrior's poison

Illustrated notes

Levels and vault maps discovered:
D:1:      dpeg_arrival_simpleton_a, layout_loops_cross,
          shapermc_ecumenical_altar_rom_forum, serial_shops,
          nicolae_shop_advertising_works [nicolae_subvault_shop_adworks],
          amcnicky_mini_corridor_feature, chequers_avenue, corner_web_ring
D:2:      layout_rooms
D:3:      layout_loops_ring, uniq_natasha, uniq_robin
D:4:      layout_rooms, portal_sewer_entry_e, minmay_misc_feat_x
D:5:      layout_cave_pools, good_gods_mini_temple,
          minmay_temple_entry_junction_2, uniq_sigmund, uniq_duvessa
D:6:      layout_loops_ring, nicolae_overflow_hidden_temple,
          regret_index_temple_of_mockery, uniq_edmund
D:7:      layout_cave_pods, serial_glass, glass_columns_a, glass_columns_b,
          serial_bayou_pond_e
D:8:      layout_loops_cross, serial_shops, nicolae_diamond_shop,
          pf_guarded_unrand_meek, uniq_maggie, uniq_maurice, uniq_psyche

Skill      XL: |  1  2  3  4  5  6  7  8  9 |
---------------+----------------------------+-----
Invocations    | 1 2 3 4 5 7 |  7.0
Fighting       | 4 5 6 7 |  7.9
Stealth        | 2 3 4 5 |  5.4
Maces & Flails | 1 2 3 4 5 |  5.7
Dodging        | 3 4 5 |  5.2
Axes           | 5 6 7 8 |  8.4

Action                   |  1- 3 |  4- 6 |  7- 9 | 10-12 || total
-------------------------+-------+-------+-------+-------++-------
Melee: Hand axe          |    87 |       |       |       ||    87
       Punch             |     2 |       |     2 |       ||     4
       Shillelagh        |    10 |    90 |   101 |     4 ||   205
 Fire: Hunting sling     |       |       |    52 |       ||    52
Throw: Stone             |    92 |    44 |    23 |       ||   159
Invok: Convert to Beogh  |       |       |     1 |       ||     1
       Smiting           |       |       |     2 |       ||     2
  Use: Scroll            |     6 |     4 |    11 |     1 ||    22
       Potion            |       |     2 |     3 |     2 ||     7
 Stab: Sleeping          |       |     5 |       |       ||     5
Armor: Robe              |    10 |    32 |    14 |       ||    56
       Scale mail        |       |       |       |     2 ||     2
Dodge: Dodged            |    51 |   146 |    59 |     2 ||   258
Block: Other             |       |       |     2 |     2 ||     4
